AoeStats
← 2204528

Arena

510837262Analyzed
3v3 RM · 14h ago on Oct 2, 2026· 53m 12s· 6 players
Game mode
Random Map
Map size
Normal (6 player)
Population
200
Speed
Normal
Resources
Standard
Victory
Conquest
Starting age
Dark Age
Ending age
Imperial Age
RankedLock teamsTeams togetherTeam positionsShared explorationLock speedFull tech treeHidden civsTurbo modeCheats
Victory
Defeat
🇵🇪 Persians · Peru
1141
+16
🇨🇳 Jurchens · China
1127
+17
🇲🇶 Aztecs · Martinique
1109
+18
🇬🇧 Bohemians · United Kingdom
1205
-19
🇩🇪 Romans · Germany
1167
-18
🇩🇪 Khmer · Germany
1071
-14
2204528
2:59 Loom
10:40 Feudal Age
16:48 Castle Age
15:54 Double-Bit Axe
16:07 Gold Mining
16:28 Stone Mining
19:22 Stone Shaft Mining
24:32 Horse Collar
28:41 Wheelbarrow
29:15 Scale Barding Armor
29:22 Forging
30:28 Chain Barding Armor
32:27 Iron Casting
33:05 Gold Shaft Mining
38:37 Imperial Age
36:22 Hand Cart
36:33 Fletching
37:49 Bodkin Arrow
37:56 Padded Archer Armor
40:44 Plate Barding Armor
41:10 Blast Furnace
40:10 Bracer
40:12 Scale Mail Armor
40:45 Conscription
40:06 Elite Skirmisher
43:04 Elite Iron Pagoda
45:26 Elite Iron Pagoda
HyNo
11:27 Feudal Age
15:26 Castle Age
14:07 Double-Bit Axe
20:31 Sanctity
20:23 Fervor
20:35 Town Watch
20:59 Stone Mining
23:02 Redemption
23:09 Horse Collar
25:05 Wheelbarrow
29:55 Imperial Age
29:21 Bow Saw
29:09 Crossbowman
30:26 Scale Mail Armor
30:37 Forging
31:17 Hand Cart
31:47 Conscription
31:44 Chain Mail Armor
31:20 Fletching
31:31 Arbalester
33:41 Pikeman
34:23 Squires
34:55 Plate Mail Armor
34:21 Bodkin Arrow
35:19 Gold Mining
36:20 Block Printing
36:31 Illumination
36:54 Elite Skirmisher
37:36 Bracer
37:36 Padded Archer Armor
38:13 Atlatl
39:17 Leather Archer Armor
38:51 Elite Jaguar Warrior
41:11 Iron Casting
41:17 Ballistics
41:58 Chemistry
45:10 Blast Furnace
45:03 Garland Wars
45:47 Murder Holes
46:43 Siege Engineers
Rasec
10:23 Feudal Age
14:12 Castle Age
12:37 Double-Bit Axe
12:45 Gold Mining
12:39 Horse Collar
15:43 Bow Saw
23:02 Wheelbarrow
24:00 Heavy Plow
23:52 Gold Mining
26:54 Imperial Age
24:10 Town Watch
24:12 Loom
24:48 Scale Barding Armor
24:39 Stone Mining
25:55 Husbandry
26:05 Bloodlines
26:20 Hand Cart
27:03 Forging
26:45 Cavalier
28:04 Chain Barding Armor
30:31 Two-Man Saw
30:49 Plate Barding Armor
31:10 Savar
32:31 Town Patrol
33:25 Crop Rotation
36:30 Conscription
37:26 Gold Shaft Mining
40:06 Iron Casting
45:34 Ballistics
46:14 Chemistry
45:05 Guard Tower
45:20 Siphons
45:26 Clinker Construction
45:12 Murder Holes
45:19 Devotion
45:29 Fervor
45:35 Block Printing
44:53 Sappers
45:24 Kamandaran
45:34 Citadels
46:00 Hoardings
47:07 Blast Furnace
48:33 Citadels
50:36 Fletching
50:47 Scale Mail Armor
50:47 Padded Archer Armor
51:01 Masonry
50:42 Heated Shot
51:26 Faith
51:42 Theocracy
51:02 Herbal Medicine
JakeOtto
10:28 Feudal Age
8:44 Loom
14:29 Castle Age
12:37 Double-Bit Axe
13:06 Horse Collar
19:32 Bow Saw
21:29 Fervor
27:03 Imperial Age
25:17 Padded Archer Armor
25:54 Squires
27:11 Chemistry
27:06 Leather Archer Armor
27:26 Houfnice
30:59 Wheelbarrow
30:58 Ring Archer Armor
30:13 Pikeman
32:47 Forging
32:37 Scale Mail Armor
32:55 Arson
34:02 Conscription
34:29 Halberdier
35:47 Elite Skirmisher
37:04 Iron Casting
36:44 Chain Mail Armor
39:51 Chain Mail Armor
40:36 Blast Furnace
39:51 Chain Mail Armor
cocoloco
10:26 Feudal Age
14:30 Castle Age
12:36 Double-Bit Axe
12:58 Horse Collar
13:48 Loom
16:28 Wheelbarrow
16:07 Bow Saw
17:01 Heavy Plow
18:34 Man-at-Arms
22:30 Hand Cart
22:00 Town Watch
23:49 Forging
23:40 Scale Mail Armor
24:02 Light Cavalry
28:09 Scale Barding Armor
28:40 Iron Casting
28:20 Bloodlines
28:11 Husbandry
29:14 Town Patrol
34:43 Imperial Age
32:35 Fortified Wall
34:43 Pikeman
35:24 Squires
37:09 Chemistry
39:30 Gold Mining
39:34 Stone Mining
44:23 Pikeman
45:05 Squires
44:25 Long Swordsman
45:26 Halberdier
48:04 Chain Mail Armor
48:50 Blast Furnace
48:56 Capped Ram
Aida369
2:12 Loom
12:50 Feudal Age
13:25 Horse Collar
13:34 Double-Bit Axe
13:41 Gold Mining
16:09 Wheelbarrow
16:22 Scale Barding Armor
16:28 Forging
16:50 Bloodlines
21:23 Castle Age
22:05 Husbandry
22:28 Chain Barding Armor
22:44 Iron Casting
22:14 Heavy Plow
22:30 Bow Saw
23:45 Hand Cart
24:32 Gold Shaft Mining
28:49 Stone Mining
32:12 Imperial Age
40:44 Stone Shaft Mining
Connection lost

Rejoining the realm…

Still unreachable

The connection could not be restored.

Session expired

The server has moved on; the page needs a fresh start.